 Dungeon Crawl Stone Soup version 0.29-a0-393-g47a863cc1b (webtiles) character file.

Game seed: 17976367986039995662

4 Hubjo the Firebug (level 1, 0/11 HPs)
             Began as a Deep Elf Fire Elementalist on May 10, 2022.
             Slain by a kobold
             ... wielding a +0 club
              (1 damage)
             ... on level 1 of the Dungeon.
             The game lasted 00:00:31 (250 turns).

Hubjo the Firebug (Deep Elf Fire Elementalist)       Turns: 250, Time: 00:00:31

Health: 0/11       AC:  2    Str:  5    XL:     1   Next: 50%
Magic:  3/6        EV: 12    Int: 19    God:
Gold:   66         SH:  0    Dex: 15    Spells: 5/6 levels left

rFire   . . .      SeeInvis .   (no weapon)
rCold   . . .      Faith    .   (no shield)
rNeg    . . .      Spirit   .   a - +0 robe
rPois   .          Reflect  .   (no helmet)
rElec   .          Harm     .   (no cloak)
rCorr   .          Rampage  .   (no gloves)
Will    .....                   (no boots)
Stlth   ++........              (no amulet)
HPRegen 0.03/turn               (no ring)
MPRegen 0.10/turn               (no ring)

@: no status effects
A: no striking features
a: no special abilities


You were on level 1 of the Dungeon.
You visited 1 branch of the dungeon, and saw 1 of its levels.

You collected 66 gold pieces.

Inventory:

Armour
 a - a +0 robe (worn)
Scrolls
 c - a scroll of poison {unknown}
 e - a scroll of identify {unknown}
 f - a scroll of teleportation {unknown}
Potions
 b - a potion of magic
 d - a potion of resistance {unknown}


   Skills:
 * Level 0.3 Fighting
 - Level 2.4 Dodging
 + Level 2.5 Stealth
 + Level 3.1 Spellcasting
 - Level 1.1 Conjurations
 + Level 3.3 Fire Magic


You had 5 spell levels left.
You knew the following spells:

 Your Spells              Type           Power      Damage    Failure   Level
a - Foxfire               Conj/Fire      44%        2x1d6     6%          1

Your spell library contained the following spells:

 Spells                   Type           Power      Damage    Failure   Level
 Scorch                   Fire           30%        2d6       6%          2
 Conjure Flame            Conj/Fire      11%        6-21      19%         3
 Inner Flame              Hex/Fire       9%         N/A       22%         3
 Flame Wave               Conj/Fire      11%        2d5       52%         4


Dungeon Overview and Level Annotations

Branches:
Dungeon (1/15)

Altars:


Message History

Your foxfire dissipates! x3
You see here a quokka corpse.
A hobgoblin comes into view.
A hobgoblin is nearby!
A hobgoblin is nearby!
A hobgoblin is nearby!
The hobgoblin shouts!
A rat and a kobold come into view.
The hobgoblin hits you.
You conjure some foxfire!
The hobgoblin closely misses you.
The foxfire hits the kobold.
The kobold is severely wounded.
There is not enough space to conjure foxfire!
There is not enough space to conjure foxfire!
Your foxfire dissipates!
The hobgoblin attacks as you move away! The hobgoblin hits you.
You conjure some foxfire!
The hobgoblin hits you.
The foxfire hits the hobgoblin.
The hobgoblin is heavily wounded.
The foxfire hits the hobgoblin.
You kill the hobgoblin!
You conjure some foxfire!
The kobold hits you with a +0 club.
The foxfire hits the kobold.
The kobold is heavily wounded.
The foxfire hits the kobold.
The kobold is severely wounded.
The kobold hits you with a +0 club.
You are too injured to fight recklessly!
The kobold misses you.
You are too injured to fight recklessly!
The kobold hits you with a +0 club.
* * * LOW HITPOINT WARNING * * *
You are too injured to fight recklessly!
The kobold misses you.
You are too injured to fight recklessly!
The kobold hits you but does no damage.
Casting: Foxfire (safe; 6% risk of failure)
Confirm with . or Enter, or press ? or * to list all spells.
You conjure some foxfire!
The kobold hits you with a +0 club.
You die...

## ##.#### #.# #..
#.
.....######.######
#.
...........†....#
#.#
#..######.####.#
#.. #.######.# #..
#........# #..##
##.########
#..r###..#
#..#K@v#.#
#..##v##.# #..
#.##.# #.. .....#
##....##..
###...#.. .......
#...


You could see a kobold (ally target) and a rat.

Vanquished Creatures
  A hobgoblin (D:1)
  A quokka (D:1)
  A ball python (D:1)
  A frilled lizard (D:1)
4 creatures vanquished.

Vanquished Creatures (others)
  28 foxfires (D:1)
28 creatures vanquished.

Grand Total: 32 creatures vanquished

Notes
Turn   | Place    | Note
-------+----------+-------------------------------------------
     0 | D:1      | Hubjo the Deep Elf Fire Elementalist began the quest for
                  | the Orb.
     0 | D:1      | Reached XP level 1. HP: 10/10 MP: 6/6
   250 | D:1      | Slain by a kobold

Illustrated notes

Levels and vault maps discovered:
D:1:      dpeg_arrival_refuge, layout_loops_ring, minmay_split_cup_small

Action                   || total
-------------------------++-------
 Cast: Foxfire           ||    18
Armor: Robe              ||     1
Dodge: Dodged            ||     4

Table legend: (Time is in decaauts)
 A = Elapsed time spent in this place.
 B = Non-inter-level travel time spent in this place.
 C = Inter-level travel time spent in this place.
 D = Time resting spent in this place.
 E = Time spent auto-exploring this place.
 F = Levels seen in this place.
 G = Mean time per level.
                   A        B        C        D        E       F      G
               +--------+--------+--------+--------+--------+-----+--------+
         Total |    250 |    250 |      0 |      0 |    210 |   1 |  250.0 |
       Dungeon |    250 |    250 |      0 |      0 |    210 |   1 |  250.0 |
               +--------+--------+--------+--------+--------+-----+--------+

Top non-repeatable levels by time:
     D:1: 250 daAuts
